 Dungeon Crawl Stone Soup version 0.29.1-15-g9cfb28693d (webtiles) character file.

Game seed: 12939189089805099692

44 Norrock the Cruncher (level 3, 35/35 HPs)
             Began as a Gnoll Wanderer on Nov 2, 2022.
             Quit the game on level 2 of the Dungeon on Mar 3, 2023.
             The game lasted 00:08:26 (901 turns).

Norrock the Cruncher (Gnoll Wanderer)                Turns: 901, Time: 00:08:26

Health: 35/35      AC:  5    Str: 11    XL:     3   Next: 62%
Magic:  4/4        EV: 11    Int: 10    God:
Gold:   102        SH:  0    Dex: 14    Spells: 3/3 levels left

rFire   . . .      SeeInvis +   a - +2 quarterstaff (spect)
rCold   . . .      Faith    .   (shield currently unavailable)
rNeg    . . .      Spirit   .   f - +0 leather armour
rPois   .          Reflect  .   (no helmet)
rElec   .          Harm     .   d - +0 cloak
rCorr   .          Rampage  .   b - +0 pair of gloves
Will    .....                   (no boots)
Stlth   +.........              (no amulet)
HPRegen 0.11/turn               j - ring of see invisible
MPRegen 0.09/turn               (no ring)

@: no status effects
A: fangs 1, strong nose, distributed training
a: no special abilities


You were on level 2 of the Dungeon.
You visited 1 branch of the dungeon, and saw 2 of its levels.

You collected 102 gold pieces.

Inventory:

Hand Weapons
 a - a +2 spectral quarterstaff (weapon)
Missiles
 c - 10 poisoned darts (quivered)
Armour
 b - a +0 pair of gloves (worn)
 d - a +0 cloak (worn)
 f - a +0 leather armour (worn)
Jewellery
 j - a ring of see invisible (left hand)
Scrolls
 i - a scroll of brand weapon
 l - a scroll of identify
 m - 2 scrolls of teleportation {unknown}
 p - a scroll of immolation {unknown}
 q - a scroll of magic mapping {unknown}
Potions
 e - a potion of heal wounds
 g - a potion of curing
 h - a potion of berserk rage
 k - a potion of ambrosia
 n - a potion of attraction {unknown}
 o - a potion of haste {unknown}


   Skills:
 + Level 6.5 Fighting
 + Level 0.9 Short Blades
 + Level 2.6 Long Blades
 + Level 0.9 Axes
 + Level 0.9 Maces & Flails
 + Level 0.9 Polearms
 + Level 8.5 Staves
 + Level 0.9 Ranged Weapons
 + Level 2.6 Throwing
 + Level 2.6 Armour
 + Level 0.9 Dodging
 + Level 0.9 Stealth
 + Level 0.9 Shields
 + Level 0.9 Unarmed Combat
 + Level 0.9 Spellcasting
 + Level 0.6 Conjurations
 + Level 0.6 Hexes
 + Level 0.6 Summonings
 + Level 0.6 Necromancy
 + Level 0.6 Translocations
 + Level 0.6 Transmutations
 + Level 0.6 Fire Magic
 + Level 0.6 Ice Magic
 + Level 0.6 Air Magic
 + Level 0.6 Earth Magic
 + Level 0.6 Poison Magic
 + Level 1.0 Invocations
 + Level 0.9 Evocations


You had 3 spell levels left.
You didn't know any spells.
Your spell library contained the following spells:

 Spells                   Type           Power      Damage    Failure   Level
 Ignite Poison            Fire/Tmut/Pois 1%         N/A       71%         3
 Mephitic Cloud           Conj/Pois/Air  1%         N/A       71%         3
 Freezing Cloud           Conj/Ice/Air   0%         6-21      100%        5


Dungeon Overview and Level Annotations

Branches:
Dungeon (2/15)

Altars:


Innate Abilities, Weirdness & Mutations

You have very sharp teeth.
Your uncanny sense of smell can sniff out nearby items.
Your experience applies equally to all skills.


Message History

The goblin shouts!
You hit the goblin.
You kill the goblin!
Items here: $ ) ? †.
You miss the goblin. Your bite misses the goblin.
Your +2 spectral quarterstaff hits the goblin!
You kill the goblin!
Things that are here:
a +0 club; a goblin corpse A giant cockroach comes into view.
Things that are here:
a +0 club; a goblin corpse
p - a scroll labelled FULEFE SYRIRO You now have 102 gold pieces (gained 7).
Things that are here:
a +0 club; a goblin corpse
q - a scroll labelled HUKONG CUAL
Things that are here:
a +0 club; a goblin corpse
Things that are here:
a +0 club; a goblin corpse You hit the giant cockroach but do no damage.
Your +2 spectral quarterstaff closely misses the giant cockroach.
The giant cockroach closely misses you.
The giant cockroach bites you but does no damage.
You thump the giant cockroach!
You kill the giant cockroach!
Welcome back, Norrock the Gnoll Wanderer.
Press ? for a list of commands and other information.
Unknown command.
Unknown command.
Unknown command.
Unknown command.
Okay, then.
Save game and exit?
Okay, then.
You don't know any spells.
Save game and exit?
Okay, then.
Are you sure you want to abandon this character and quit the game? (Confirm with "yes".)

#########.. ∆ ##
#.......#. ..#. .#
#......... .... .#
##.......# ...# .####
#........# ...#
....#####........#....#
.##..............#....#.
..........†...).@.......
.........##..)##........
........>##...##........
.........##...##........
....#.#####...##........
....+.# #...##........
....### #...##........
.. ######........
#########


There were no monsters in sight!

Vanquished Creatures
  A worm (D:2)
  A ball python (D:1)
  7 endoplasms
  2 giant cockroaches
  4 goblins
  2 hobgoblins
  3 jackals (D:1)
  2 quokkas
  3 bats
  2 frilled lizards (D:1)
  7 kobolds
34 creatures vanquished.

Notes
Turn   | Place    | Note
-------+----------+-------------------------------------------
     0 | D:1      | Norrock the Gnoll Wanderer began the quest for the Orb.
     0 | D:1      | Norrock set off with the following items: a +2
                  | quarterstaff, a +0 falchion, 10 poisoned darts, a +0
                  | dagger, a potion of heal wounds, a +0 leather armour.
     0 | D:1      | Reached XP level 1. HP: 23/23 MP: 1/1
   132 | D:1      | Reached XP level 2. HP: 29/29 MP: 2/2
   313 | D:1      | Reached XP level 3. HP: 32/35 MP: 3/3
   828 | D:2      | Reached skill level 1 in Invocations
   901 | D:2      | Upgraded the game from 0.29.1-2-gbd0b4ee654 to
                  | 0.29.1-15-g9cfb28693d
   901 | D:2      | Quit the game

Illustrated notes

Levels and vault maps discovered:
D:1:      amcnicky_arrival_underground_garden, layout_basic
D:2:      layout_basic, corner_web_ring

Skill      XL: |  1  2  3 |
---------------+----------+-----
Invocations    | 1 |  1.0
Fighting       | |  6.5
Short Blades   | |  0.9
Long Blades    | |  2.6
Axes           | |  0.9
Maces & Flails | |  0.9
Polearms       | |  0.9
Staves         | |  8.5
Ranged Weapons | |  0.9
Throwing       | |  2.6
Armour         | |  2.6
Dodging        | |  0.9
Stealth        | |  0.9
Shields        | |  0.9
Unarmed Combat | |  0.9
Spellcasting   | |  0.9
Conjurations   | |  0.6
Hexes          | |  0.6
Summonings     | |  0.6
Necromancy     | |  0.6
Translocations | |  0.6
Transmutations | |  0.6
Fire Magic     | |  0.6
Ice Magic      | |  0.6
Air Magic      | |  0.6
Earth Magic    | |  0.6
Poison Magic   | |  0.6
Evocations     | |  0.9

Action                   || total
-------------------------++-------
Melee: Quarterstaff      ||    62
       Bite              ||     3
Throw: Dart              ||    11
  Use: Scroll            ||     4
Armor: Leather armour    ||    21
Dodge: Dodged            ||    20
